General information
- name: BNet
- type: Ladder team game (AT/RT)
- host: Battle.net
- saver: CozyUshanka
map: Deathknell
- players: 8
- length: 64:45
- speed: Fast
- version: 1.26 W3XP
- replay type: Public
» download(311 KB)
Players
team 1 (winner)
CozyUshanka (
pink | 126 APM | 8153 actions | 64:45)
10 Archmage
3 Summon Water Elemental
3 Brilliance Aura
1 Mass Teleport
3 Blizzard
» actions
| Assign group hotkey | 109 | |
| Basic commands | 202 | |
| Build / train | 267 | |
| ESC pressed | 43 | |
| Enter build submenu | 131 | |
| Enter hero's abilities submenu | 10 | |
| Give item / drop item | 3 | |
| Right click | 2502 | |
| Select / deselect | 1026 | |
| Select group hotkey | 3349 | |
| Use ability | 511 | |
8153 total
» units
| Peasant | 33 | |
| Footman | 12 | |
| Goblin Shredder | 8 | |
| Goblin Zeppelin | 7 | |
| Goblin Sapper | 5 | |
| Gryphon Rider | 9 | |
| Mortar Team | 2 | |
| Flying Machine | 5 | |
| Siege Engine | 1 | |
| Knight | 1 | |
| Dragonhawk Rider | 1 | |
84 total
» upgrades
| Masonry | 3 | |
| Defend | 2 | |
| Lumber Harvesting | 2 | |
| Swords | 3 | |
| Armor | 3 | |
| Animal War Training | 1 | |
| Storm Hammers | 1 | |
| Cloud | 1 | |
| Gunpowder | 3 | |
| Fragmentation Shards | 1 | |
| Flare | 1 | |
| Plating | 3 | |
| Barrage | 1 | |
| Flak Cannons | 1 | |
| Flying Machine Bombs | 1 | |
| Backpack | 1 | |
| Long Rifles | 1 | |
| Magic Sentry | 1 | |
30 total
» buildings
| Barracks | 1 | |
| Altar of Kings | 1 | |
| Farm | 40 | |
| Arcane Vault | 1 | |
| Town Hall | 3 | |
| Scout Tower | 61 | |
| Lumber Mill | 1 | |
| Keep | 2 | |
| Arcane Tower | 3 | |
| Guard Tower | 68 | |
| Blacksmith | 1 | |
| Castle | 5 | |
| Arcane Sanctum | 1 | |
| Gryphon Aviary | 5 | |
| Workshop | 4 | |
197 total
» build order
00:10 Barracks
00:12 Altar of Kings
00:23 Farm
01:01 Farm
01:36 Arcane Vault
01:45 Farm
03:26 Town Hall
03:55 Farm
05:21 Scout Tower
05:23 Scout Tower
05:26 Lumber Mill
05:30 Keep
06:32 Arcane Tower
06:32 Arcane Tower
06:42 Farm
06:46 Guard Tower
07:42 Blacksmith
07:45 Scout Tower
07:47 Scout Tower
08:11 Castle
08:11 Castle
08:12 Castle
08:17 Guard Tower
08:17 Guard Tower
08:18 Guard Tower
09:18 Scout Tower
09:18 Scout Tower
09:19 Scout Tower
09:20 Scout Tower
09:26 Scout Tower
09:27 Scout Tower
09:29 Scout Tower
09:32 Scout Tower
09:35 Scout Tower
09:45 Scout Tower
09:46 Scout Tower
09:47 Scout Tower
09:53 Scout Tower
09:56 Scout Tower
09:58 Guard Tower
09:58 Guard Tower
10:00 Guard Tower
10:01 Guard Tower
10:03 Guard Tower
10:03 Guard Tower
10:03 Guard Tower
10:08 Arcane Sanctum
10:10 Guard Tower
10:22 Guard Tower
10:23 Guard Tower
10:24 Guard Tower
12:17 Farm
12:18 Farm
12:19 Farm
12:20 Farm
12:23 Farm
12:27 Farm
12:28 Farm
12:29 Farm
12:57 Scout Tower
12:58 Scout Tower
13:00 Scout Tower
13:02 Scout Tower
13:03 Scout Tower
13:05 Scout Tower
13:09 Gryphon Aviary
13:15 Gryphon Aviary
13:17 Gryphon Aviary
13:19 Gryphon Aviary
13:20 Gryphon Aviary
13:28 Guard Tower
13:41 Guard Tower
13:42 Guard Tower
13:42 Guard Tower
13:42 Guard Tower
14:07 Guard Tower
14:18 Guard Tower
14:19 Guard Tower
14:34 Scout Tower
16:14 Guard Tower
16:14 Guard Tower
18:29 Scout Tower
18:29 Scout Tower
18:30 Scout Tower
18:31 Scout Tower
18:31 Scout Tower
19:01 Town Hall
19:02 Guard Tower
19:02 Guard Tower
19:02 Guard Tower
19:06 Scout Tower
19:07 Scout Tower
19:08 Scout Tower
19:09 Scout Tower
19:10 Scout Tower
19:12 Scout Tower
19:14 Scout Tower
19:17 Scout Tower
20:12 Scout Tower
20:13 Scout Tower
20:14 Scout Tower
20:14 Scout Tower
20:42 Guard Tower
20:42 Guard Tower
20:52 Workshop
20:55 Workshop
21:00 Scout Tower
21:01 Scout Tower
21:02 Scout Tower
21:04 Scout Tower
21:29 Guard Tower
21:30 Guard Tower
21:32 Guard Tower
21:33 Guard Tower
21:36 Workshop
21:40 Workshop
23:03 Scout Tower
23:04 Scout Tower
23:04 Scout Tower
23:05 Scout Tower
23:23 Scout Tower
23:24 Scout Tower
23:24 Scout Tower
23:25 Scout Tower
23:27 Scout Tower
23:38 Guard Tower
24:04 Guard Tower
24:04 Guard Tower
24:05 Guard Tower
24:08 Town Hall
24:09 Scout Tower
24:30 Guard Tower
24:30 Guard Tower
24:32 Scout Tower
24:33 Scout Tower
24:35 Scout Tower
24:36 Scout Tower
24:39 Guard Tower
24:39 Guard Tower
25:01 Guard Tower
25:01 Guard Tower
26:56 Guard Tower
52:20 Farm
52:24 Farm
52:26 Farm
52:28 Farm
52:31 Farm
53:49 Farm
53:52 Farm
54:00 Farm
54:03 Farm
55:27 Farm
55:30 Farm
55:35 Farm
55:37 Farm
55:42 Farm
55:46 Farm
56:39 Farm
56:49 Farm
56:53 Farm
56:55 Farm
57:01 Farm
57:03 Farm
58:02 Farm
58:38 Farm
58:40 Farm
58:42 Farm
59:06 Farm
59:14 Farm
» items
| Scroll of Regeneration | 9 | |
| Mechanical Critter | 5 | |
| Scroll of Town Portal | 9 | |
| Staff of Sanctuary | 1 | |
| Orb of Fire | 1 | |
| Potion of Healing | 4 | |
29 total
beqawssww (
green | 34 APM | 1960 actions | 57:38)
7 Mountain King
3 Storm Bolt
1 Thunder Clap
2 Bash
1 Avatar
2 Paladin
1 Holy Light
1 Divine Shield
2 Archmage
2 Summon Water Elemental
» actions
| Basic commands | 3 | |
| Build / train | 140 | |
| Enter build submenu | 62 | |
| Enter hero's abilities submenu | 11 | |
| Give item / drop item | 1 | |
| Remove unit from queue | 5 | |
| Right click | 775 | |
| Select / deselect | 786 | |
| Use ability | 177 | |
1960 total
» units
| Peasant | 33 | |
| Mortar Team | 7 | |
| Flying Machine | 11 | |
| Siege Engine | 2 | |
| Knight | 2 | |
55 total
» upgrades
| Masonry | 3 | |
| Lumber Harvesting | 2 | |
| Gunpowder | 2 | |
| Armor | 2 | |
| Flare | 1 | |
| Plating | 2 | |
| Fragmentation Shards | 1 | |
| Flak Cannons | 1 | |
| Flying Machine Bombs | 1 | |
| Swords | 2 | |
| Barrage | 1 | |
| Animal War Training | 1 | |
| Storm Hammers | 1 | |
| Cloud | 1 | |
| Control Magic | 1 | |
| Magic Sentry | 1 | |
23 total
» buildings
| Farm | 11 | |
| Altar of Kings | 1 | |
| Scout Tower | 32 | |
| Arcane Tower | 7 | |
| Lumber Mill | 2 | |
| Town Hall | 3 | |
| Arcane Vault | 1 | |
| Keep | 1 | |
| Blacksmith | 1 | |
| Workshop | 3 | |
| Guard Tower | 13 | |
| Castle | 1 | |
| Arcane Sanctum | 1 | |
| Cannon Tower | 6 | |
| Gryphon Aviary | 2 | |
| Barracks | 1 | |
86 total
» build order
01:52 Farm
01:58 Altar of Kings
02:01 Farm
02:32 Farm
02:48 Scout Tower
02:54 Farm
03:21 Arcane Tower
04:11 Lumber Mill
04:52 Town Hall
05:03 Arcane Vault
05:56 Keep
06:31 Farm
06:52 Blacksmith
07:14 Farm
07:16 Farm
07:46 Scout Tower
07:48 Scout Tower
07:52 Scout Tower
07:55 Farm
08:27 Arcane Tower
08:28 Arcane Tower
08:29 Scout Tower
08:31 Scout Tower
08:32 Arcane Tower
08:37 Farm
08:47 Workshop
08:50 Workshop
08:53 Workshop
09:01 Guard Tower
09:09 Guard Tower
09:10 Farm
10:20 Scout Tower
10:24 Scout Tower
10:47 Scout Tower
10:50 Scout Tower
10:57 Guard Tower
10:58 Arcane Tower
10:58 Arcane Tower
11:00 Scout Tower
11:01 Farm
11:12 Lumber Mill
11:23 Guard Tower
11:26 Scout Tower
11:27 Guard Tower
11:30 Scout Tower
11:39 Guard Tower
12:03 Arcane Tower
12:06 Guard Tower
12:10 Scout Tower
12:55 Guard Tower
13:00 Scout Tower
13:02 Scout Tower
13:25 Castle
17:00 Arcane Sanctum
17:25 Scout Tower
18:52 Guard Tower
18:53 Scout Tower
19:14 Town Hall
19:21 Scout Tower
19:22 Scout Tower
19:34 Cannon Tower
19:37 Scout Tower
20:20 Scout Tower
20:21 Scout Tower
20:22 Guard Tower
20:46 Guard Tower
20:49 Guard Tower
20:52 Scout Tower
21:13 Cannon Tower
21:18 Gryphon Aviary
21:21 Gryphon Aviary
21:26 Scout Tower
21:37 Scout Tower
21:41 Scout Tower
21:54 Guard Tower
22:27 Cannon Tower
22:33 Scout Tower
22:36 Scout Tower
22:45 Barracks
23:22 Cannon Tower
23:24 Scout Tower
23:25 Scout Tower
24:22 Cannon Tower
25:49 Cannon Tower
26:55 Scout Tower
36:11 Town Hall
» items
| Lesser Clarity Potion | 5 | |
| Scroll of Regeneration | 3 | |
| Potion of Healing | 4 | |
| Scroll of Town Portal | 3 | |
| Orb of Fire | 1 | |
16 total
sr-marine84 (
purple | 64 APM | 1419 actions | 22:16)
3 Mountain King
2 Storm Bolt
1 Thunder Clap
2 Archmage
1 Summon Water Elemental
1 Brilliance Aura
1 Naga Sea Witch
1 Frost Arrows
» actions
| Assign group hotkey | 35 | |
| Basic commands | 9 | |
| Build / train | 105 | |
| Enter build submenu | 40 | |
| Enter hero's abilities submenu | 6 | |
| Give item / drop item | 2 | |
| Right click | 477 | |
| Select / deselect | 321 | |
| Select group hotkey | 301 | |
| Use ability | 122 | |
1419 total
» units
| Peasant | 29 | |
| Footman | 5 | |
| Mortar Team | 8 | |
| Flying Machine | 1 | |
| Goblin Shredder | 1 | |
| Knight | 1 | |
45 total
» upgrades
| Masonry | 3 | |
| Gunpowder | 2 | |
| Lumber Harvesting | 1 | |
| Armor | 2 | |
| Flare | 1 | |
| Fragmentation Shards | 1 | |
| Barrage | 1 | |
| Plating | 2 | |
| Animal War Training | 1 | |
14 total
» buildings
| Farm | 12 | |
| Altar of Kings | 2 | |
| Barracks | 2 | |
| Lumber Mill | 1 | |
| Scout Tower | 14 | |
| Town Hall | 1 | |
| Keep | 3 | |
| Blacksmith | 1 | |
| Guard Tower | 15 | |
| Arcane Vault | 1 | |
| Workshop | 3 | |
| Castle | 1 | |
| Cannon Tower | 1 | |
57 total
» build order
00:21 Farm
00:40 Altar of Kings
00:53 Barracks
00:58 Farm
01:24 Lumber Mill
01:43 Farm
02:06 Scout Tower
02:25 Farm
02:36 Scout Tower
05:02 Town Hall
05:08 Keep
05:08 Keep
05:14 Scout Tower
05:17 Scout Tower
05:20 Scout Tower
05:39 Blacksmith
05:45 Guard Tower
05:52 Scout Tower
05:57 Scout Tower
05:59 Guard Tower
05:59 Guard Tower
06:22 Arcane Vault
06:24 Guard Tower
06:26 Guard Tower
06:28 Scout Tower
06:56 Guard Tower
07:01 Scout Tower
07:08 Scout Tower
07:30 Guard Tower
07:58 Scout Tower
08:02 Workshop
08:04 Workshop
08:08 Workshop
08:11 Guard Tower
08:31 Guard Tower
08:47 Farm
12:28 Farm
12:45 Castle
12:49 Scout Tower
12:59 Farm
13:00 Farm
13:13 Farm
13:21 Guard Tower
13:36 Guard Tower
14:43 Guard Tower
14:59 Scout Tower
16:40 Farm
16:42 Farm
16:43 Guard Tower
17:21 Farm
17:33 Barracks
19:56 Scout Tower
20:29 Cannon Tower
20:56 Altar of Kings
» items
| Ivory Tower | 7 | |
| Potion of Healing | 6 | |
| Scroll of Regeneration | 1 | |
14 total

»
kimys33 (
orange | 36 APM | 531 actions | 14:39)
4 Blademaster
2 Mirror Image
1 Critical Strike
1 Wind Walk
1 Shadow Hunter
1 Healing Wave
» actions
| Assign group hotkey | 11 | |
| Basic commands | 5 | |
| Build / train | 57 | |
| Enter build submenu | 18 | |
| Enter hero's abilities submenu | 5 | |
| Right click | 203 | |
| Select / deselect | 103 | |
| Select group hotkey | 94 | |
| Use ability | 35 | |
531 total
» units
| Peon | 15 | |
| Troll Headhunter/Berserker | 12 | |
| Grunt | 15 | |
42 total
» upgrades
| Berserker Strength | 1 | |
| Troll Regeneration | 2 | |
3 total
» buildings
| War Mill | 1 | |
| Orc Burrow | 4 | |
| Altar of Storms | 1 | |
| Barracks | 1 | |
| Watch Tower | 3 | |
| Voodoo Lounge | 1 | |
| Stronghold | 1 | |
| Great Hall | 4 | |
| Fortress | 1 | |
17 total
» build order
00:31 War Mill
00:40 Orc Burrow
00:59 Altar of Storms
01:21 Barracks
01:45 Orc Burrow
02:11 Orc Burrow
03:03 Watch Tower
03:15 Voodoo Lounge
04:19 Stronghold
04:23 Orc Burrow
06:57 Great Hall
08:11 Great Hall
08:16 Watch Tower
08:31 Great Hall
08:51 Great Hall
09:00 Fortress
09:27 Watch Tower
» items
| Healing Salve | 2 | |
| Potion of Healing | 1 | |
3 total
team 2 (loser)
CozyEarmuffs (
teal | 40 APM | 2585 actions | 64:45)
10 Blademaster
3 Wind Walk
3 Critical Strike
1 Bladestorm
3 Mirror Image
» actions
| Assign group hotkey | 51 | |
| Basic commands | 199 | |
| Build / train | 91 | |
| Enter build submenu | 80 | |
| Enter hero's abilities submenu | 10 | |
| Give item / drop item | 1 | |
| Remove unit from queue | 1 | |
| Right click | 1126 | |
| Select / deselect | 492 | |
| Select group hotkey | 311 | |
| Use ability | 223 | |
2585 total
» units
| Peon | 10 | |
| Grunt | 4 | |
| Goblin Shredder | 3 | |
| Wind Rider | 9 | |
| Goblin Sapper | 7 | |
| Troll Batrider | 1 | |
| Demolisher | 6 | |
40 total
» upgrades
| Pillage | 1 | |
| Ranged Weapons | 3 | |
| Armor | 4 | |
| Reinforced Defenses | 1 | |
| Troll Regeneration | 1 | |
| Envenomed Spears | 1 | |
| Burning Oil | 1 | |
| Berserker Strength | 1 | |
13 total
» buildings
| Orc Burrow | 7 | |
| Altar of Storms | 1 | |
| Barracks | 8 | |
| Voodoo Lounge | 1 | |
| Stronghold | 1 | |
| War Mill | 1 | |
| Great Hall | 5 | |
| Beastiary | 6 | |
| Fortress | 2 | |
| Watch Tower | 67 | |
99 total
» build order
00:17 Orc Burrow
00:57 Altar of Storms
00:58 Barracks
01:14 Orc Burrow
01:44 Voodoo Lounge
02:56 Stronghold
03:36 War Mill
04:18 Orc Burrow
05:04 Great Hall
06:21 Beastiary
06:21 Beastiary
06:27 Beastiary
06:58 Orc Burrow
09:02 Fortress
10:12 Watch Tower
10:12 Watch Tower
10:13 Watch Tower
10:14 Watch Tower
10:16 Watch Tower
16:09 Great Hall
16:11 Watch Tower
16:12 Watch Tower
16:12 Watch Tower
16:12 Watch Tower
16:35 Great Hall
16:42 Watch Tower
16:43 Watch Tower
16:43 Watch Tower
16:44 Watch Tower
17:20 Watch Tower
17:21 Watch Tower
17:22 Watch Tower
17:23 Watch Tower
21:42 Orc Burrow
21:46 Orc Burrow
21:51 Orc Burrow
23:43 Great Hall
23:47 Watch Tower
23:48 Watch Tower
23:48 Watch Tower
23:50 Watch Tower
23:52 Watch Tower
23:52 Watch Tower
23:52 Watch Tower
23:53 Watch Tower
23:54 Watch Tower
23:55 Watch Tower
23:56 Watch Tower
23:56 Watch Tower
24:53 Great Hall
25:18 Watch Tower
25:18 Watch Tower
25:18 Watch Tower
25:19 Watch Tower
25:21 Watch Tower
25:21 Watch Tower
25:22 Watch Tower
25:23 Watch Tower
25:25 Watch Tower
25:26 Watch Tower
25:27 Watch Tower
25:27 Watch Tower
26:25 Beastiary
26:29 Beastiary
26:35 Beastiary
45:24 Watch Tower
45:24 Watch Tower
45:25 Watch Tower
45:27 Watch Tower
45:29 Watch Tower
45:31 Watch Tower
45:35 Watch Tower
45:38 Watch Tower
45:39 Watch Tower
45:40 Watch Tower
45:42 Watch Tower
45:44 Watch Tower
45:51 Watch Tower
45:52 Watch Tower
45:53 Watch Tower
48:12 Barracks
48:13 Barracks
48:15 Barracks
48:19 Barracks
48:22 Barracks
48:32 Watch Tower
48:34 Watch Tower
48:35 Watch Tower
48:37 Watch Tower
48:38 Watch Tower
48:39 Watch Tower
48:52 Watch Tower
49:02 Watch Tower
49:14 Watch Tower
49:16 Watch Tower
49:19 Watch Tower
50:24 Barracks
50:54 Barracks
» items
| Healing Salve | 4 | |
| Scroll of Town Portal | 4 | |
| Scroll of Regeneration | 3 | |
| Potion of Mana | 4 | |
| Orb of Lightning | 1 | |
| Potion of Healing | 2 | |
| Lesser Clarity Potion | 4 | |
22 total
aaexpert (
yellow | 33 APM | 1981 actions | 60:50)
8 Mountain King
3 Storm Bolt
2 Thunder Clap
1 Avatar
2 Bash
5 Paladin
2 Holy Light
2 Divine Shield
1 Devotion Aura
4 Archmage
2 Summon Water Elemental
2 Brilliance Aura
» actions
| Assign group hotkey | 26 | |
| Basic commands | 31 | |
| Build / train | 123 | |
| Enter build submenu | 18 | |
| Enter hero's abilities submenu | 17 | |
| Give item / drop item | 5 | |
| Right click | 563 | |
| Select / deselect | 352 | |
| Select group hotkey | 623 | |
| Use ability | 223 | |
1981 total
» units
| Peasant | 19 | |
| Footman | 16 | |
| Ice Troll Trapper | 1 | |
| Ice Troll Berserker | 1 | |
| Mud Golem | 2 | |
| Siege Engine | 5 | |
| Knight | 7 | |
| Flying Machine | 7 | |
58 total
» upgrades
| Defend | 1 | |
| Plating | 3 | |
| Swords | 2 | |
| Gunpowder | 3 | |
| Lumber Harvesting | 2 | |
| Masonry | 2 | |
| Barrage | 1 | |
| Animal War Training | 1 | |
| Flak Cannons | 1 | |
16 total
» buildings
| Farm | 11 | |
| Altar of Kings | 1 | |
| Barracks | 2 | |
| Lumber Mill | 1 | |
| Arcane Vault | 2 | |
| Blacksmith | 1 | |
| Town Hall | 3 | |
| Keep | 2 | |
| Castle | 1 | |
| Workshop | 2 | |
26 total
» build order
00:41 Farm
00:44 Altar of Kings
01:22 Farm
01:34 Barracks
01:38 Farm
01:55 Barracks
02:01 Farm
02:11 Lumber Mill
02:16 Arcane Vault
04:21 Blacksmith
04:41 Town Hall
04:49 Farm
04:50 Farm
07:36 Town Hall
07:50 Keep
07:55 Keep
08:27 Farm
08:27 Farm
08:28 Farm
10:27 Castle
11:45 Workshop
11:46 Workshop
13:23 Farm
21:25 Town Hall
24:38 Arcane Vault
» items
| Scroll of Regeneration | 11 | |
| Scroll of Town Portal | 8 | |
| Lesser Clarity Potion | 3 | |
| Orb of Fire | 2 | |
| Scroll of Speed | 1 | |
| Healing Salve | 1 | |
26 total
21122012 (
red | 20 APM | 650 actions | 32:16)
4 Mountain King
1 Storm Bolt
2 Bash
1 Thunder Clap
2 Paladin
1 Divine Shield
1 Holy Light
» actions
| Build / train | 45 | |
| ESC pressed | 1 | |
| Enter build submenu | 19 | |
| Enter hero's abilities submenu | 6 | |
| Remove unit from queue | 2 | |
| Right click | 359 | |
| Select / deselect | 180 | |
| Use ability | 38 | |
650 total
» units
| Peasant | 8 | |
| Footman | 9 | |
| Mortar Team | 4 | |
| Siege Engine | 2 | |
| Knight | 2 | |
25 total
» upgrades
| Barrage | 1 | |
| Gunpowder | 2 | |
| Fragmentation Shards | 1 | |
| Swords | 1 | |
5 total
» buildings
| Altar of Kings | 1 | |
| Farm | 11 | |
| Barracks | 1 | |
| Arcane Vault | 1 | |
| Keep | 1 | |
| Lumber Mill | 1 | |
| Blacksmith | 1 | |
| Workshop | 2 | |
| Castle | 1 | |
20 total
» build order
00:10 Altar of Kings
00:22 Farm
00:39 Barracks
01:01 Farm
01:38 Farm
02:22 Arcane Vault
03:27 Keep
03:36 Farm
04:07 Lumber Mill
04:18 Blacksmith
04:34 Farm
05:16 Farm
05:52 Workshop
05:59 Farm
06:02 Castle
06:59 Workshop
08:11 Farm
09:09 Farm
11:45 Farm
12:37 Farm
» items
| Scroll of Regeneration | 2 | |
| Potion of Mana | 1 | |
3 total
Starhammer1 (
blue | 12 APM | 776 actions | 64:45)
6 Archmage
2 Summon Water Elemental
2 Brilliance Aura
1 Blizzard
1 Mass Teleport
» actions
| Build / train | 76 | |
| Enter build submenu | 33 | |
| Enter hero's abilities submenu | 6 | |
| Right click | 334 | |
| Select / deselect | 264 | |
| Use ability | 63 | |
776 total
» units
| Peasant | 19 | |
| Rifleman | 29 | |
| Goblin Shredder | 1 | |
49 total
» upgrades
| Gunpowder | 2 | |
| Armor | 2 | |
| Lumber Harvesting | 1 | |
5 total
» buildings
| Lumber Mill | 1 | |
| Blacksmith | 1 | |
| Altar of Kings | 1 | |
| Farm | 7 | |
| Barracks | 2 | |
| Scout Tower | 14 | |
| Keep | 1 | |
| Guard Tower | 12 | |
| Town Hall | 4 | |
| Arcane Tower | 1 | |
| Castle | 1 | |
45 total
» build order
00:31 Lumber Mill
00:39 Blacksmith
00:57 Altar of Kings
01:08 Farm
01:47 Farm
02:02 Barracks
02:34 Farm
03:13 Barracks
03:16 Farm
03:58 Farm
04:23 Farm
04:39 Farm
05:20 Scout Tower
05:54 Keep
05:56 Guard Tower
05:59 Scout Tower
07:33 Town Hall
07:41 Guard Tower
09:12 Scout Tower
09:15 Scout Tower
09:17 Scout Tower
09:47 Guard Tower
09:48 Guard Tower
09:49 Arcane Tower
09:57 Town Hall
12:33 Town Hall
13:18 Scout Tower
13:55 Guard Tower
13:59 Scout Tower
14:01 Scout Tower
14:04 Scout Tower
14:09 Scout Tower
14:43 Guard Tower
14:44 Guard Tower
14:45 Guard Tower
14:47 Guard Tower
14:50 Scout Tower
14:53 Scout Tower
14:55 Scout Tower
14:57 Scout Tower
15:22 Guard Tower
15:23 Guard Tower
15:25 Guard Tower
18:35 Town Hall
22:48 Castle
Chat log
(00:18 / Allies) sr-marine84: siege
(00:33 / All) aaexpert: merry xmas everyone hope your town get raped
(00:49 / All) CozyEarmuffs: I hope your elementary school gets shot up bastard
(00:52 / Allies) kimys33: thk u too
(01:07 / Allies) CozyUshanka: You should tell him in all chat instead of allied chat
(01:19 / All) CozyUshanka: Nice name teal
(01:22 / All) CozyUshanka: What a coincidence
(01:27 / All) CozyEarmuffs: Thanks, I like yours too
(13:30 / Allies) kimys33: tp
(13:37 / Allies) kimys33: suck
(13:50 / Allies) CozyUshanka: Give me your resources if you die
(13:52 / Allies) kimys33: noob
(14:34 / Allies) kimys33: suck bitch
(14:38 / Allies) CozyUshanka: Give me your stuff please
(15:17 / All) CozyEarmuffs: lawl no wodner I didn't have gold
(16:59 / All) CozyUshanka: faggot water ele
(22:09 / All) sr-marine84: fuckin allies
(23:34 / All) Starhammer1: fuckiung pink has maphack
(23:39 / All) CozyUshanka: Oh?
(23:42 / All) CozyUshanka: What makes you think so?
(23:46 / All) Starhammer1: seems like it
(23:58 / All) CozyUshanka: Is it because I can teleport around the map?
(24:00 / All) CozyUshanka: hence maphack?
(25:54 / All) CozyUshanka: lucky bash
(32:38 / All) CozyUshanka: What is that dumb faggot gryphon doing?
(32:40 / All) CozyEarmuffs: 3 minutes till teh world ends
(32:43 / All) CozyUshanka: That's called natural selection
(33:21 / All) CozyEarmuffs: whoops
(33:29 / All) CozyEarmuffs: was not at keyboard
(37:05 / All) CozyEarmuffs: What's that good kind of TP?
(37:09 / All) CozyEarmuffs: Quilten Ultra?
(40:49 / Allies) beqawssww: got some golds
(45:00 / All) CozyUshanka: "aaexpert" is actually not a bad name because he made nothing but aa
(45:38 / All) CozyUshanka: Green is as clueless as yellow
(48:43 / All) CozyUshanka: wtf
(48:46 / All) CozyUshanka: why did that dumbass not tp
(48:55 / All) CozyUshanka: fucking retard gryphons in the flock
(49:07 / All) aaexpert: get some bats ok teal
(49:23 / All) aaexpert: and get some raider kill his tank
(55:35 / All) aaexpert: get some bats dude
(55:41 / All) aaexpert: kill all his griffen
(55:53 / All) CozyUshanka: Why would he want to do that?
(56:24 / All) beqawssww: pink p
(60:09 / All) CozyUshanka: wtf
(60:11 / All) CozyUshanka: No resistance at all
(60:13 / All) CozyEarmuffs: lawl
(60:13 / All) CozyUshanka: That was boring
(60:18 / All) CozyUshanka: I expected him to avatar at least
(60:21 / All) CozyEarmuffs: he probably thought he was safe near me
(60:29 / All) CozyUshanka: built farms all around the map to mass tp to and catch him for nothing
(60:38 / All) CozyUshanka: Yellow leave and you get a tie, stay and you get a loss
(60:48 / All) CozyUshanka: Do you want a loss or tie?
(60:54 / All) CozyUshanka: nice
(61:02 / All) CozyUshanka: Too bad blue is still here
(61:04 / All) CozyEarmuffs: blue is here
(61:40 / All) CozyEarmuffs: They never noticed our names
(61:45 / All) CozyUshanka: They never do
(61:52 / All) CozyEarmuffs: They sometimes do
(61:56 / All) CozyUshanka: One time Flamechamp and I went as MrHouse and MRH0USE and no one questioned it
(61:59 / All) CozyEarmuffs: This was way obvious
(62:04 / All) CozyEarmuffs: lol
(62:05 / All) CozyEarmuffs: yeah
(62:38 / All) CozyUshanka: They are really obvious because I always point out the names too
(62:43 / All) CozyUshanka: but no one ever catches on to it
(62:58 / All) CozyEarmuffs: Next game let's do US presidents
(63:11 / All) CozyUshanka: Okay but I know fuck all about them
(63:21 / All) CozyUshanka: don't think I can even name the first three
(63:22 / All) CozyEarmuffs: Pick one from before 1930
(63:27 / All) CozyUshanka: Ulysses S. Grant?
(63:32 / All) CozyEarmuffs: Aye
(63:40 / All) CozyUshanka: I always imagine him as a nigger with dreads because of a NEw Vegas character named after him
(63:42 / All) CozyEarmuffs: Was a civil war general before he became president
(63:53 / All) CozyUshanka: I know at least that much
(63:57 / All) CozyEarmuffs: Never noticed a nigger grant in that game
(64:02 / All) CozyUshanka: He was in the final DLC
(64:14 / All) CozyUshanka: he was a well written character other than his nigger dreads
(64:19 / All) CozyEarmuffs: chat from blue was pretty funny
(64:24 / All) CozyUshanka: I had no chat
(64:27 / All) CozyUshanka: My allies were clueless